 Dungeon Crawl Stone Soup version 0.32-a0-17-gb74e046 (webtiles) character file.

Game seed: 911245644506992424

989 danspanner the Sneak (level 8, 0/46 HPs)
             Began as an Octopode Conjurer on Jan 15, 2024.
             Succumbed to an orc wizard's poison
             ... on level 5 of the Dungeon.
             The game lasted 00:26:44 (4956 turns).

danspanner the Sneak (Octopode Conjurer)            Turns: 4956, Time: 00:26:45

Health: 0/46       AC:  1    Str:  6    XL:     8   Next: 18%
Magic:  23/23      EV: 19    Int: 20    God:
Gold:   362        SH:  0    Dex: 13    Spells: 8/15 levels left

rFire   . . .        b - +0 dagger
rCold   . . .        (no shield)
rNeg    . . .        (helmet restricted)
rPois   .            j - amulet of regeneration
rElec   .            c - ring of magical power
rCorr   .            d - +5 ring of evasion
SInv    .            (no ring)
Will    .....        (no ring)
Stlth   ++++         (no ring)
HPRegen 1.07/turn    (no ring)
MPRegen 0.18/turn    (no ring)
                     (no ring)

%: no passive effects
@: lethally poisoned (0 -> -6), about to teleport
A: almost no armour, amphibious, 8 rings, camouflage 1, gelatinous body 1,
(nimble swimmer 1), tentacles
a: no special abilities


You were on level 5 of the Dungeon.
You visited 1 branch of the dungeon, and saw 5 of its levels.

You collected 362 gold pieces.

Inventory:

Hand Weapons
 b - a +0 dagger (weapon)
Missiles
 o - 2 throwing nets
Jewellery
 c - a ring of magical power (left tentacle)
 d - a +5 ring of evasion (right tentacle)
 j - an amulet of regeneration (around mantle)
Wands
 q - a wand of digging (3)
Scrolls
 k - 2 scrolls of enchant armour
 l - a scroll of enchant weapon
 n - a scroll of torment {unknown}
Potions
 a - a potion of magic
 e - a potion of lignification {unknown}
 f - 2 potions of haste
 h - a potion of degeneration {unknown}
 m - a potion of ambrosia {unknown}
 p - a potion of heal wounds {unknown}


   Skills:
 + Level 4.7 Dodging
 + Level 6.7 Stealth
 + Level 4.3 Spellcasting
 + Level 5.8 Conjurations
 + Level 3.2 Alchemy


You had 8 spell levels left.
You knew the following spells:

 Your Spells              Type           Power      Damage    Failure   Level
a - Magic Dart            Conj           100%       1d8       1%          1
b - Searing Ray           Conj           54%        2d6       1%          2
c - Fulminant Prism       Conj/Alch      11%        3d8       19%         4

Your spell library contained the following spells:

 Spells                   Type           Power      Damage    Failure   Level
 Iskenderun's Mystic Bla  Conj/Tloc      16%        2d5       36%         4
 Animate Dead             Necr           4%         N/A       77%         4
 Haunt                    Necr/Summ      2%         N/A       100%        7
 Infestation              Necr           2%         N/A       100%        8


Dungeon Overview and Level Annotations

Branches:
Dungeon (5/15)
 Temple: D:4-7

Altars:

Shops:
D:4 :


Innate Abilities, Weirdness & Mutations

You cannot wear most types of armour.
You are amphibious.
You can wear up to eight rings at the same time.
Your skin changes colour to match your surroundings (Stealth+).
Your rubbery body absorbs attacks. (AC +1, EV +1)
((You are camouflaged when in or above water. (Stealth+)))
You have tentacles for arms and can constrict up to eight enemies at once.


Message History

An orc wizard comes into view. It is wielding a +0 dagger of venom.
An orc priest comes into view. It is wielding a +0 dagger.
An orc priest and an orc come into view.
The orc priest is wielding a +2 hand axe of electrocution.
The orc wizard shouts!
The orc priest shouts!
You hear a shout!
The orc shouts!
The orc priest shouts!
The orc wizard closely misses you.
An orc comes into view. It is wielding a +0 club.
The orc priest mumbles some strange prayers to Beogh against you.
Beogh smites you!
You closely miss the orc wizard. Your grab misses the orc wizard.
The orc wizard points at you and mumbles some strange words.
You are confused.
The orc priest invokes the aid of Beogh against you.
Beogh smites you!
You are too confused!
The orc wizard points at you and mumbles some strange words.
You are more confused.
The orc priest calls down the wrath of Beogh upon you.
Beogh smites you! The orc wizard closely misses you.
The orc priest calls down the wrath of Beogh upon you.
Beogh smites you!
* * * LOW HITPOINT WARNING * * *
The orc wizard barely misses you.
You are too confused!
The orc wizard attacks as it pursues you!
The orc wizard misses you.
You feel better. The orc wizard barely misses you.
As you read the scroll of teleportation, it crumbles to dust.
You feel strangely unstable.
The orc priest hits you with a +2 hand axe of electrocution!
* * * LOW HITPOINT WARNING * * *
You are electrocuted!
* * * LOW HITPOINT WARNING * * *
The orc wizard hits you with a +0 dagger of venom.
* * * LOW HITPOINT WARNING * * *
You are lethally poisoned!
The orc barely misses you.
You die...

#..... ####....#
..#....###
........ ##
#....## #..#.oo..#
.# ..##oo..#...
###.#o.8.....#
#...#.@......#
#......8..#...#
###......#.....
##.......#...
#.......# #.
##.......###
##.............#
#......#..##...# .
..
###.......#....#..
>.


You could see 2 orc priests, an orc wizard and 2 orcs.

Vanquished Creatures
  A centaur (D:4)
  A gnoll sergeant (D:4)
  4 howler monkeys (D:4)
  An orc priest (D:3)
  4 hounds
  A jelly (D:3)
  A gnoll bouda (D:4)
  An iguana (D:4)
  Jessica (D:3)
  2 orc wizards (D:4)
  22 gnolls (D:4)
  3 adders
  A white imp (D:5)
  A ribbon worm (D:3)
  4 dart slugs
  15 orcs
  6 endoplasms
  A giant cockroach (D:3)
  2 goblins
  3 hobgoblins
  24 jackals
  2 quokkas
  11 ball pythons
  8 bats
  5 frilled lizards
  8 kobolds
  5 rats
138 creatures vanquished.

Notes
Turn   | Place    | Note
-------+----------+-------------------------------------------
     0 | D:1      | danspanner the Octopode Conjurer began the quest for the
                  | Orb.
     0 | D:1      | Reached XP level 1. HP: 11/11 MP: 3/3
   253 | D:1      | Reached skill level 3 in Stealth
   253 | D:1      | Reached XP level 2. HP: 17/17 MP: 5/5
   428 | D:1      | Learned a level 2 spell: Searing Ray
   959 | D:2      | Reached XP level 3. HP: 21/21 MP: 6/6
  1266 | D:2      | Reached XP level 4. HP: 27/27 MP: 7/7
  2053 | D:3      | Reached skill level 4 in Stealth
  2071 | D:3      | Noticed Jessica
  2077 | D:3      | Killed Jessica
  2078 | D:3      | Reached XP level 5. HP: 31/31 MP: 9/9
  2533 | D:4      | Noticed a centaur
  2808 | D:4      | Learned a level 4 spell: Fulminant Prism
  2834 | D:4      | Reached XP level 6. HP: 36/36 MP: 10/10
  2847 | D:4      | Reached skill level 5 in Stealth
  2847 | D:4      | Reached skill level 5 in Conjurations
  2939 | D:4      | Reached skill level 1 in Alchemy
  3279 | D:4      | Found Oriotont's Book Boutique.
  3466 | D:3      | Reached XP level 7. HP: 35/41 MP: 12/12
  3705 | D:4      | Reached skill level 6 in Stealth
  4179 | D:4      | Reached XP level 8. HP: 46/46 MP: 14/14
  4893 | D:5      | Entered Level 5 of the Dungeon
  4955 | D:5      | HP: 2/46 [orc wizard/+0 dagger of venom (2)]
  4956 | D:5      | Succumbed to an orc wizard's poison

Illustrated notes

Levels and vault maps discovered:
D:1:      lemuel_arrival_rhombus, layout_loops_ring, serial_bayou_lake_a
D:2:      layout_rooms
D:3:      layout_basic, uniq_jessica
D:4:      lemuel_castle_with_subvaults [lemuel_castle_interior_carwin_2],
          layout_loops_ring, serial_shops, shop, hangedman_decor_push
D:5:      layout_cave_pools, serial_column_ruins, column_ruins_grid_5,
          column_ruins_columns_straight, column_ruins_grid_1,
          column_ruins_open_tiny, column_ruins_grid_1, column_ruins_open_small,
          column_ruins_columns_straight

Skill      XL: |  1  2  3  4  5  6  7  8 |
---------------+-------------------------+-----
Stealth        | 3 4 5 6 |  6.7
Dodging        | 3 4 |  4.7
Spellcasting   | 3 4 |  4.3
Conjurations   | 5 |  5.8
Alchemy        | 1 2 3 |  3.2

Action                     |  1- 3 |  4- 6 |  7- 9 || total
---------------------------+-------+-------+-------++-------
  Melee: Unarmed           |     8 |       |       ||     8
         Tentacles         |     5 |     6 |       ||    11
         Constrict         |     5 |    10 |       ||    15
         Dagger            |     9 |    47 |     8 ||    64
         Punch             |     1 |     1 |       ||     2
   Cast: Magic Dart        |    46 |    11 |    19 ||    76
         Searing Ray       |     3 |    34 |    33 ||    70
    Use: Scroll            |     3 |     6 |     1 ||    10
         Potion            |       |     1 |     1 ||     2
   Stab: Sleeping          |     3 |    14 |     2 ||    19
 Armour: Skin              |     4 |    16 |    19 ||    39
  Dodge: Dodged            |    27 |    56 |    57 ||   140

Table legend: (Time is in decaauts)
 A = Elapsed time spent in this place.
 B = Non-inter-level travel time spent in this place.
 C = Inter-level travel time spent in this place.
 D = Time resting spent in this place.
 E = Time spent auto-exploring this place.
 F = Levels seen in this place.
 G = Mean time per level.
                   A        B        C        D        E       F      G
               +--------+--------+--------+--------+--------+-----+--------+
         Total |   4935 |   4765 |    170 |    567 |   2472 |   5 |  987.0 |
       Dungeon |   4935 |   4765 |    170 |    567 |   2472 |   5 |  987.0 |
               +--------+--------+--------+--------+--------+-----+--------+

Top non-repeatable levels by time:
     D:4: 2167 daAuts
     D:3: 1066 daAuts
     D:1: 882 daAuts
     D:2: 755 daAuts
     D:5: 62 daAuts
